AoeStats
← Josmi-Ga'lock

Black Forest

508248733Analyzed
3v3 RM · 12d ago on Sep 21, 2026· 67m 41s· 6 players
Game mode
Random Map
Map size
Normal (6 player)
Population
200
Speed
Normal
Resources
Standard
Victory
Conquest
Starting age
Dark Age
Ending age
Imperial Age
RankedLock teamsTeams togetherTeam positionsShared explorationLock speedFull tech treeHidden civsTurbo modeCheats
Victory
Defeat
🇨🇳 Britons · China
1011
+13
🇨🇳 Burgundians · China
1011
+13
🇨🇳 Persians · China
923
+15
🇧🇷 Britons · Brazil
944
-14
🇻🇪 Tupi · Venezuela
937
-14
🇦🇷 Franks · Argentina
918
-13
Abyssus
1:31 Loom
12:49 Feudal Age
13:23 Town Watch
13:50 Double-Bit Axe
14:40 Fishing Lines
20:16 Castle Age
18:51 Stone Mining
21:42 Bow Saw
21:28 Gillnets
22:22 Pikeman
23:06 Squires
22:58 Horse Collar
26:55 Wheelbarrow
27:34 Heavy Plow
31:05 Caravan
31:51 Hand Cart
31:39 Gold Mining
35:29 Imperial Age
33:06 Scale Mail Armor
34:28 Chain Mail Armor
35:08 Fletching
35:23 Padded Archer Armor
36:42 Plate Mail Armor
36:08 Bodkin Arrow
35:49 Halberdier
37:17 Hoardings
37:54 Curare
38:42 Coinage
39:18 Chemistry
38:51 Ballistics
39:30 Conscription
39:18 Caciques
39:37 Leather Archer Armor
39:48 Bracer
40:22 Banking
40:18 Treadmill Crane
40:53 Forging
40:07 Champi Runner
41:58 Murder Holes
41:38 Champi Warrior
42:04 Arson
42:22 Capped Ram
42:23 Heavy Scorpion
42:28 Elite Blackwood Archer
42:54 Elite Champi Warrior
43:27 Siege Ram
47:04 Ring Archer Armor
47:10 Iron Casting
Men-yopuk
0:29 Loom
14:57 Feudal Age
16:12 Wheelbarrow
15:24 Double-Bit Axe
15:52 Fishing Lines
17:47 Horse Collar
20:59 Gold Mining
23:34 Castle Age
22:15 Stone Mining
25:14 Heavy Plow
25:57 Bow Saw
28:59 Hand Cart
29:44 Gillnets
32:55 Imperial Age
31:01 Town Watch
31:42 Caravan
32:09 Fletching
32:20 Padded Archer Armor
33:53 Town Patrol
35:24 Bodkin Arrow
35:14 Elite Skirmisher
36:31 Bracer
37:14 Leather Archer Armor
37:38 Conscription
38:21 Chemistry
38:30 Hoardings
39:33 Warwolf
47:51 Scale Barding Armor
Josmi-Ga'lock
0:27 Loom
13:05 Feudal Age
13:50 Double-Bit Axe
13:51 Town Watch
17:49 Gold Mining
22:15 Castle Age
20:55 Stone Mining
21:13 Fishing Lines
24:09 Gold Shaft Mining
25:58 Bow Saw
27:57 Wheelbarrow
28:29 Fervor
33:49 Imperial Age
32:46 Hand Cart
34:50 Gold Shaft Mining
34:43 Fortified Wall
35:34 Chemistry
34:44 Masonry
34:53 Pikeman
35:33 Squires
36:41 Scale Barding Armor
36:46 Forging
36:29 Fletching
36:40 Scale Mail Armor
37:09 Cavalier
37:50 Husbandry
38:49 Chain Barding Armor
39:06 Iron Casting
38:28 Bodkin Arrow
38:00 Light Cavalry
39:47 Paladin
40:57 Conscription
43:51 Ballistics
44:01 Architecture
45:27 Blast Furnace
46:29 Plate Barding Armor
51:01 Chain Mail Armor
51:57 Halberdier
53:24 Padded Archer Armor
53:56 Plate Mail Armor
54:44 Gambesons
XIAOBAI
11:51 Feudal Age
16:33 Castle Age
14:57 Double-Bit Axe
15:25 Horse Collar
16:52 Bow Saw
18:00 Wheelbarrow
19:47 Heavy Plow
25:50 Hand Cart
26:25 Loom
30:28 Imperial Age
29:11 Gold Mining
29:11 Stone Mining
30:36 Stone Shaft Mining
30:36 Gold Shaft Mining
30:10 Burgundian Vineyards
32:18 Chemistry
31:30 Husbandry
31:42 Forging
31:37 Scale Barding Armor
32:24 Caravan
35:17 Iron Casting
35:02 Chain Barding Armor
34:05 Elite Coustillier
36:20 Plate Barding Armor
36:58 Blast Furnace
36:22 Conscription
36:42 Ballistics
36:03 Treadmill Crane
36:33 Masonry
38:08 Crop Rotation
38:41 Two-Man Saw
42:28 Architecture
Evil B1t
1:06 Loom
11:41 Feudal Age
14:23 Horse Collar
14:45 Double-Bit Axe
20:24 Castle Age
23:23 Wheelbarrow
23:19 Stone Mining
24:42 Gold Mining
24:56 Heavy Plow
31:45 Imperial Age
30:45 Hand Cart
31:18 Bow Saw
31:52 Gold Shaft Mining
31:55 Stone Shaft Mining
31:27 Scale Barding Armor
31:33 Forging
31:31 Husbandry
31:42 Bloodlines
31:55 Bloodlines
35:46 Elite War Elephant
36:52 Chain Barding Armor
37:08 Iron Casting
37:16 Caravan
39:25 Crop Rotation
42:02 Two-Man Saw
41:43 Plate Barding Armor
42:08 Blast Furnace
44:17 Chemistry
眠绵
0:58 Loom
11:05 Feudal Age
11:31 Double-Bit Axe
15:40 Castle Age
16:08 Wheelbarrow
15:36 Horse Collar
17:23 Bow Saw
19:46 Stone Mining
25:57 Heavy Plow
26:53 Gold Mining
30:09 Imperial Age
28:19 Gold Shaft Mining
28:50 Fletching
29:00 Padded Archer Armor
29:11 Forging
29:24 Ballistics
29:30 Bodkin Arrow
30:00 Hand Cart
30:34 Town Watch
32:16 Chemistry
32:54 Two-Man Saw
32:37 Leather Archer Armor
32:23 Bracer
34:06 Ring Archer Armor
33:01 Elite Longbowman
33:26 Pikeman
34:03 Treadmill Crane
35:08 Conscription
35:10 Forging
35:00 Scale Mail Armor
36:09 Yeomen
35:28 Halberdier
36:10 Squires
35:56 Gambesons
38:37 Iron Casting
38:17 Chain Mail Armor
38:28 Siege Engineers
41:31 Blast Furnace
41:01 Plate Mail Armor
43:06 Arson
64:08 Coinage
66:33 Banking
Connection lost

Rejoining the realm…

Still unreachable

The connection could not be restored.

Session expired

The server has moved on; the page needs a fresh start.